 Dungeon Crawl Stone Soup version bcrawl-1.12-5-g74a5124548 (webtiles) character file.

Game seed: 11294049398871172439

156 MisterOstroum the Skirmisher (level 5, 0/44 HPs)
             Began as a Demonspawn Archaeologist on May 31, 2019.
             Succumbed to a worker ant's poison
             ... on level 4 of the Dungeon.
             The game lasted 00:08:53 (3834 turns).

MisterOstroum the Skirmisher (DsAc)                 Turns: 3834, Time: 00:08:54

Health: 0/44       AC: 16    Str: 13    XL:     5   Next: 14%
Magic:  5/5        EV:  9    Int: 15    God:
Gold:   217        SH:  0    Dex: 11    Spells: 4/4 levels left

rFire    . . .     SeeInvis .     - Unarmed
rCold    + . .     Gourm    .   (no shield)
rNeg     . . .     Faith    .   p - +3 scale mail {rC+}
rPois    .         Spirit   .   b - +1 hat
rElec    .         Reflect  .   (no cloak)
rCorr    .         Harm     .   d - +1 pair of gloves
MR       .....     Clarity  +   c - +1 pair of boots Stlth +.........Rnd*Tele +
                                (no amulet)
HPRegen  0.14/turn              j - ring of teleportation (curse)
MPRegen  0.09/turn              (no ring)

@: lethally poisoned (0 -> -15), studying Fighting
A: beak, icy blue scales 1, clarity, powered by pain 1
a: no special abilities


You were on level 4 of the Dungeon.
You were not hungry.

You visited 1 branch of the dungeon, and saw 4 of its levels.

You collected 217 gold pieces.

Inventory:

Hand Weapons
 i - a +0 dagger
Missiles
 o - 486 stones (quivered)
Armour
 b - a +1 hat (worn)
 c - a +1 pair of boots (worn)
 d - a +1 pair of gloves (worn)
 p - a +3 scale mail of cold resistance (worn)
 q - a +1 robe of positive energy
Jewellery
 j - a cursed ring of teleportation (left hand)
Wands
 m - a wand of flame (17)
Scrolls
 h - 2 scrolls of enchant weapon
 k - 3 scrolls of identify {@r1}
 l - a scroll of enchant armour
 n - a scroll of teleportation {@r3 !r}
 u - a scroll of remove curse {unknown}
Potions
 r - a potion of mutation
Books
 g - a manual of Fighting
Miscellaneous
 f - an ancient crate
Comestibles
 e - 6 rations {!d}


   Skills:
 + Level 5.5 Fighting
 - Level 1.1 Throwing
 - Level 2.6 Dodging
 - Level 3.0 Stealth
 - Level 1.7 Unarmed Combat


You had 4 spell levels left.
You didn't know any spells.
Your spell library was empty.

Dungeon Overview and Level Annotations

Branches:
Dungeon (4/12)
 Temple: D:4-7

Altars:
Cheibriados


Innate Abilities, Weirdness & Mutations

You are partially covered in icy blue scales. (AC +2)
You sometimes gain a little power by taking damage.
You have a beak for a mouth.
You possess an exceptional clarity of mind.


Message History

You are too injured to fight recklessly!
You are too injured to fight recklessly!
You are too injured to fight recklessly!
You are too injured to fight recklessly!
You are too injured to fight recklessly!
You are too injured to fight recklessly!
You are too injured to fight recklessly!
You are too injured to fight recklessly!
You are too injured to fight recklessly!
You are too injured to fight recklessly!
You are too injured to fight recklessly!
You are too injured to fight recklessly!
You are too injured to fight recklessly!
You are too injured to fight recklessly!
You are too injured to fight recklessly!
You are too injured to fight recklessly!
You are too injured to fight recklessly!
You are too injured to fight recklessly!
You are too injured to fight recklessly!
You are too injured to fight recklessly!
You are too injured to fight recklessly!
You are too injured to fight recklessly!
You are too injured to fight recklessly!
You are too injured to fight recklessly!
You are too injured to fight recklessly!
You are too injured to fight recklessly!
You are too injured to fight recklessly!
You are too injured to fight recklessly!
You hit the worker ant.
The worker ant is heavily wounded.
The worker ant bites you but does no damage.
You hit the worker ant.
The worker ant is heavily wounded.
You feel sick.
The worker ant bites you but does no damage.
You hit the worker ant but do no damage.
The worker ant is heavily wounded.
You feel sick. The worker ant bites you.
You are more poisoned.
The worker ant poisons you!
You hit the worker ant.
The worker ant is severely wounded.
You feel sick. The worker ant barely misses you.
You hit the worker ant but do no damage.
The worker ant is severely wounded.
The worker ant bites you. The worker ant misses you.
You hit the worker ant.
The worker ant is severely wounded.
You feel sick.
The worker ant bites you but does no damage.
You hit the worker ant.
The worker ant is severely wounded.
You feel sick. The worker ant bites you.
* * * LOW HITPOINT WARNING * * *
You are more poisoned.
The worker ant poisons you!
Really quaff the potion of lignification?
You turn into a tree.
Your +1 hat melds into your body.
Your +1 pair of gloves melds into your body.
Your +1 pair of boots melds into your body.
Your +3 scale mail of cold resistance melds into your body.
You feel less resistant to cold.
Your roots penetrate the ground.
You feel sick.
The worker ant bites you but does no damage.
You hit the worker ant.
The worker ant is almost dead.
You feel sick. The worker ant bites you.
* * * LOW HITPOINT WARNING * * *
You hit the worker ant.
The worker ant is almost dead.
You feel sick. The worker ant bites you.
* * * LOW HITPOINT WARNING * * *
You are lethally poisoned!
The worker ant poisons you!
You barely miss the worker ant.
The worker ant is almost dead.
* * * LOW HITPOINT WARNING * * *
You feel sick. The worker ant bites you.
* * * LOW HITPOINT WARNING * * *
You barely miss the worker ant.
The worker ant is almost dead.
* * * LOW HITPOINT WARNING * * *
You feel sick. The worker ant completely misses you.
The worker ant bites you but does no damage.
It was a potion of mutation.
You feel extremely strange.
Your thoughts seem clearer.
Your mouth lengthens and hardens into a beak!
* * * LOW HITPOINT WARNING * * *
You feel sick.
The worker ant bites you but does no damage.
It was a potion of cancellation.
Your magical effects are unravelling.
You feel magically purged.
You feel less wooden.
Your +1 hat unmelds from your body.
Your +1 pair of gloves unmelds from your body.
Your +1 pair of boots unmelds from your body.
Your +3 scale mail of cold resistance unmelds from your body.
You feel resistant to cold.
You die...

### ## ...
..... .#?## ...
#.# #@#
>.......a......
..##.##........
.. .....####
..# #.##.# .
..# .# ... .
#.# ..


You could see a worker ant.

Vanquished Creatures
  Jessica (D:2)
  Terence (D:2)
  Robin (D:2)
  An adder skeleton (D:2)
  3 worms
  5 dart slugs
  3 leopard geckos
  An orc (D:3)
  A ball python (D:2)
  3 giant cockroaches
  10 goblins
  14 hobgoblins
  7 kobolds
  8 bats
  3 frilled lizards
  4 rats
66 creatures vanquished.

Notes
Turn   | Place    | Note
-------+----------+-------------------------------------------
     0 | D:1      | MisterOstroum the Demonspawn Archaeologist began the quest
                  | for the Orb.
     0 | D:1      | Reached XP level 1. HP: 15/15 MP: 1/1
   153 | D:1      | Found a snail-covered altar of Cheibriados.
   221 | D:1      | Gained mutation: You are partially covered in icy blue
                  | scales. (AC +2) [demonic ancestry]
   221 | D:1      | Reached XP level 2. HP: 19/22 MP: 2/2
   394 | D:1      | Reached skill level 1 in Unarmed Combat
  1035 | D:1      | Reached skill level 2 in Fighting
  1353 | D:2      | Noticed Jessica
  1375 | D:2      | Gained mutation: You sometimes gain a little power by
                  | taking damage. [demonic ancestry]
  1375 | D:2      | Reached XP level 3. HP: 15/27 MP: 3/3
  1382 | D:2      | Killed Jessica
  1382 | D:2      | Reached skill level 1 in Throwing
  1722 | D:2      | Reached skill level 3 in Fighting
  1843 | D:2      | Reached XP level 4. HP: 35/35 MP: 4/4
  1875 | D:2      | Noticed Robin
  1919 | D:2      | Killed Robin
  2164 | D:2      | Reached skill level 4 in Fighting
  2334 | D:2      | Noticed Terence
  2569 | D:2      | Killed Terence
  2569 | D:2      | Reached skill level 5 in Fighting
  2875 | D:2      | Reached XP level 5. HP: 44/44 MP: 5/5
  3833 | D:4      | Gained mutation: You possess an exceptional clarity of
                  | mind. [potion of mutation]
  3833 | D:4      | Gained mutation: You have a beak for a mouth. [potion of
                  | mutation]
  3833 | D:4      | HP: 3/66 [poisoned by a worker ant]
  3834 | D:4      | Succumbed to a worker ant's poison

Skill      XL: |  1  2  3  4 |
---------------+-------------+-----
Unarmed Combat | 1 |  1.7
Fighting       | 2 3 5 |  5.5
Throwing       | 1 |  1.1
Dodging        | |  2.6
Stealth        | |  3.0

Action                   |  1- 3 |  4- 6 || total
-------------------------+-------+-------++-------
Melee: Dagger            |   146 |    55 ||   201
       Unarmed           |     4 |   302 ||   306
Throw: Stone             |    60 |    42 ||   102
  Use: Scroll            |       |     3 ||     3
       Potion            |       |     5 ||     5
 Stab: Sleeping          |       |     1 ||     1
  Eat: Chunk             |     3 |     7 ||    10
Armor: Robe              |    44 |    88 ||   132
       Skin              |       |    25 ||    25
       Scale mail        |       |    72 ||    72
Dodge: Dodged            |    87 |   197 ||   284
